cohdb
Replays
Latest Replays
All Replays
Popular Replays
Top Player Replays
Match Explorer
How It Works
Community
CoH3 Stats
Reddit
Sign in to upload your games and track your stats! →
Sign in with Steam
Match 25845502
Unlisted
Match 25845502
Overview
Messages
Build Orders
End
Construct Infanterie Kompanie
Grenadier Squad
Grenadier Squad
Grenadier Squad
MG 42 Machine Gun Team
Construct Luftwaffe Kompanie
Grenadier Squad
Jäger Squad
Support Elements
Selects Mobile Repair Stations
Wirbelwind Flakpanzer
Jäger Squad
Marder III M Tank Destroyer
Selects Raid Package
Grenadier Squad
Construct Panzer Kompanie
Selects 8 Rad Armored Car
Stoßtruppen Squad
8 Rad Armored Car
Jäger Squad
Jäger Squad
Panzer IV Medium Tank
Sturmpanzer IV Brummbär
Grenadier Squad
Selects Panther Heavy Tank
Panzer IV Medium Tank
Selects Mechanized Battlegroup
Selects Luftwaffe Battlegroup
CPU - Experto
CPU - Experto
CPU - Experto
Retaliation
Eber
Chaska
0
0
Comments
sign in to comment!
No comments posted yet!